 Dungeon Crawl Stone Soup version 0.21-a0-369-g397cdb2 (webtiles) character file.

1236 holdmybeer the Conjurer (level 8, -2/43 HPs)
             Began as a Deep Elf Fire Elementalist on Oct 14, 2017.
             Was an Initiate of Vehumet.
             Slain by zkyp's ghost (3 damage)
             ... on level 7 of the Dungeon on Oct 15, 2017.
             The game lasted 00:19:36 (7068 turns).

holdmybeer the Conjurer (DEFE)                      Turns: 7068, Time: 00:19:37

Health: -2/43      AC:  7    Str:  2    XL:     8   Next: 24%
Magic:  6/20       EV: 13    Int: 23    God:    Vehumet [......]
Gold:   30         SH:  0    Dex: 15    Spells: 3/21 levels left

rFire    + + .     SeeInvis .   x - -3 mace (curse)
rCold    . . .     Gourm    .   (no shield)
rNeg     . . .     Faith    .   c - +2 robe {rC+}
rPois    +         Spirit   .   Q - +1 helmet of Issan {*Corrode rPois rF+ Slay+3}
rElec    .         Reflect  .   (no cloak)
rCorr    .         Harm     .   D - +0 pair of gloves
MR       .....                  (no boots)
Stlth    ++........             (no amulet)
HPRegen  0.14/turn              p - ring of fire (curse)
MPRegen  0.17/turn              m - -3 ring of strength (curse)

@: no status effects
A: no striking features
a: Renounce Religion


You were on level 7 of the Dungeon.
You worshipped Vehumet.
Vehumet was noncommittal.
You were not hungry.

You visited 2 branches of the dungeon, and saw 8 of its levels.

You collected 286 gold pieces.
You spent 256 gold pieces at shops.

Inventory:

Hand Weapons
 f - a +0 club
 k - a +0 whip
 l - a +1 hunting sling
 x - a cursed -3 mace (weapon)
 F - a +2 rapier of venom
 G - a +1 mace of holy wrath
 I - a cursed +0 morningstar
Missiles
 j - 142 stones (quivered)
Armour
 a - a +0 robe
 c - a +2 robe of cold resistance (worn)
 D - a +0 pair of gloves (worn)
 Q - the +1 helmet of Issan (worn) {*Corrode rPois rF+ Slay+3}
   (You bought it in a shop on level 6 of the Dungeon)

   It affects your accuracy and damage with ranged weapons and melee attacks
   (+3).
   It protects you from fire.
   It protects you from poison.
   It may corrode you when you take damage.
Jewellery
 e - an uncursed amulet of guardian spirit
 m - a cursed -3 ring of strength (right hand)
 p - a cursed ring of fire (left hand)
 v - a +3 ring of slaying
 w - an uncursed ring of fire
Wands
 z - a wand of lightning (4/15)
 E - a wand of digging (16/24)
 L - a wand of polymorph (20/24)
 P - a wand of lightning (10/15)
Scrolls
 s - a scroll of amnesia
 u - a scroll of enchant weapon
 y - 2 scrolls of teleportation
 B - 4 scrolls of immolation
 M - a scroll of fog
Potions
 d - 2 potions of haste
 g - a potion of resistance
 h - a potion of heal wounds
 n - a potion of lignification
 r - a potion of flight
 A - a potion of cancellation
 C - a potion of berserk rage
 H - a potion of ambrosia {unknown}
 N - 2 potions of degeneration {unknown}
 O - a potion of might {unknown}
Books
 b - a book of Flames

   Spells                             Type                      Level
   a - Flame Tongue                   Conjuration/Fire             1
   b - Throw Flame                    Conjuration/Fire             2
   c - Conjure Flame                  Conjuration/Fire             3
   d - Inner Flame                    Hexes/Fire                   3
   e - Sticky Flame                   Conjuration/Fire             4
   f - Fireball                       Conjuration/Fire             5
Comestibles
 i - a meat ration
 q - 3 royal jellies
 t - 15 fruits
 J - 3 bread rations


   Skills:
 + Level 1.1 Fighting
 - Level 2.4 Dodging
 - Level 2.4 Stealth
 + Level 7.0 Spellcasting
 * Level 7.6 Conjurations
 + Level 6.2 Fire Magic


You had 3 spell levels left.
You knew the following spells:

 Your Spells              Type           Power        Failure   Level  Hunger
a - Flame Tongue          Conj/Fire      #####        1%          1    None
b - Throw Flame           Conj/Fire      ######       1%          2    None
c - Conjure Flame         Conj/Fire      ######..     1%          3    None
d - Inner Flame           Hex/Fire       ####....     6%          3    None
e - Fireball              Conj/Fire      ######....   12%         5    #####..
f - Sticky Flame          Conj/Fire      ######..     4%          4    ###....


Dungeon Overview and Level Annotations

Branches:
Dungeon (7/15)             Temple (1/1) D:6

Altars:
Dithmenos
Elyvilon
Hepliaklqana
Kikubaaqudgha
Makhleb
Nemelex Xobeh
Sif Muna
Trog
Vehumet
Wu Jian
Yredelemnul
Zin

Shops:
D:6 [

Annotations:
D:7 Joseph; zkyp's ghost, novice DgAs


Message History

Zkyp's ghost is engulfed in blazing flames.
Casting: Throw Flame
Confirm with . or Enter, or press ? or * to list all spells.
Aiming: Throw Flame
Press: ? - help, Shift-Dir - straight line, f/p - zkyp's ghost
Aim: zkyp's ghost, wielding a vorpal weapon (flame, lightly damaged)
You feel a surge of power!
The puff of flame hits zkyp's ghost.
Zkyp's ghost resists.
Zkyp's ghost is moderately damaged.
Zkyp's ghost is engulfed in blazing flames.
Zkyp's ghost hits you!
You closely miss zkyp's ghost.
Zkyp's ghost is moderately damaged.
Zkyp's ghost is engulfed in blazing flames.
Zkyp's ghost hits you!
* * * LOW HITPOINT WARNING * * *
Zkyp's ghost is engulfed in blazing flames.
Zkyp's ghost hits you!
* * * LOW HITPOINT WARNING * * *
You die...

... ... #.#
##### #.# ....#
#.# ###.#### #.#
#....#########.#
####W..<...§§W@#
#############


You could see zkyp's ghost.

Vanquished Creatures
  The ghost of p0werm0de the Skirmisher, an amateur FoCK of Xom (D:4)
  A sky beast (D:6)
  2 phantoms
  A necrophage (D:6)
  An ogre (D:6)
  A wyvern skeleton (D:7)
  A scorpion (D:6)
  A bullfrog zombie (D:5)
  A quasit (D:7)
  2 hounds
  An orc wizard (D:4)
  A centaur skeleton (D:4)
  5 worker ants
  An iguana (D:5)
  A worker ant zombie (D:5)
  3 gnolls (D:4)
  6 adders
  3 oozes
  An adder zombie (D:7)
  4 worms
  3 dart slugs
  4 leopard geckos
  14 orcs
  5 giant cockroaches
  5 goblins
  5 hobgoblins
  8 jackals
  4 quokkas
  A ball python (D:2)
  8 bats
  6 frilled lizards
  7 kobolds
  A quokka skeleton (D:4)
  9 rats
118 creatures vanquished.

Notes
Turn   | Place    | Note
-------+----------+-------------------------------------------
     0 | D:1      | holdmybeer the Deep Elf Fire Elementalist began the quest for the Orb.
     0 | D:1      | Reached XP level 1. HP: 10/10 MP: 6/6
   381 | D:1      | Reached XP level 2. HP: 15/15 MP: 5/8
   513 | D:1      | Learned a level 2 spell: Throw Flame
  1379 | D:2      | Reached XP level 3. HP: 19/19 MP: 7/10
  1780 | D:2      | Learned a level 3 spell: Conjure Flame
  1784 | D:2      | Learned a level 3 spell: Inner Flame
  1873 | D:2      | Reached XP level 4. HP: 18/24 MP: 7/11
  2639 | D:4      | Reached XP level 5. HP: 28/28 MP: 6/13
  3014 | D:4      | Upgraded the game from 0.21-a0-364-gbd1fde4 to 0.21-a0-369-g397cdb2
  3136 | D:4      | Noticed p0werm0de's ghost (amateur FoCK)
  3141 | D:4      | Reached XP level 6. HP: 18/32 MP: 3/15
  3358 | D:4      | Killed p0werm0de's ghost
  3358 | D:4      | Reached skill level 5 in Spellcasting
  3358 | D:4      | Reached skill level 5 in Conjurations
  3604 | D:4      | Reached skill level 5 in Fire Magic
  3730 | D:4      | Learned a level 5 spell: Fireball
  4074 | D:5      | Entered Level 5 of the Dungeon
  4262 | D:5      | Reached XP level 7. HP: 36/36 MP: 10/17
  5239 | D:6      | Learned a level 4 spell: Sticky Flame
  5247 | D:6      | Found a staircase to the Ecumenical Temple.
  5267 | Temple   | Entered the Ecumenical Temple
  5281 | Temple   | Became a worshipper of Vehumet
  5349 | D:6      | Found a white marble altar of Elyvilon.
  5360 | D:6      | Noticed a two-headed ogre
  5568 | D:6      | Reached XP level 8. HP: 42/42 MP: 10/20
  5845 | D:6      | Found Tyge's Antique Armour Shop.
  5850 | D:6      | Bought a faintly glowing helmet for 256 gold pieces
  5855 | D:6      | Identified the +1 helmet of Issan {*Corrode rPois rF+ Slay+3} (You bought it in a shop on level 6 of the Dungeon)
  6227 | D:7      | Reached skill level 1 in Fighting
  6256 | D:7      | Noticed zkyp's ghost (novice DgAs)
  6762 | D:7      | Noticed Joseph
  7068 | D:7      | HP: 1/43 [zkyp's ghost (11)]
  7068 | D:7      | Slain by zkyp's ghost

Vault maps used:
D:1:      tarquinn_simple_flora_water_b, minmay_tromino_v4_a
D:2:      kennysheep_generic_room_2
D:5:      first_bread, minmay_tree_intersection
D:6:      elyvilon_altar_4, temple_green, serial_shops, kennysheep_little_box,
          hangedman_abyss_or_decor_passed, hangedman_decor_points
D:7:      gammafunk_temple_overflow_statue, uniq_joseph
Temple:   eino_narrow_crystal_temple

Skill      XL: |  1  2  3  4  5  6  7  8 |
---------------+-------------------------+-----
Conjurations   | 2 3 4 5 7 |  7.6
Spellcasting   | 4 5 6 7 |  7.0
Fire Magic     | 4 5 6 |  6.2
Fighting       | 1 |  1.1
Dodging        | |  2.4
Stealth        | |  2.4

Action                   |  1- 3 |  4- 6 |  7- 9 || total
-------------------------+-------+-------+-------++-------
Melee: Mace              |       |       |     2 ||     2
Throw: Stone             |     2 |       |       ||     2
 Cast: Flame Tongue      |    73 |    91 |    37 ||   201
       Throw Flame       |     1 |    21 |    39 ||    61
       Conjure Flame     |       |     6 |     6 ||    12
       Sticky Flame      |       |       |     7 ||     7
  Use: Scroll            |     7 |     2 |    12 ||    21
       Potion            |       |       |     1 ||     1
  Eat: Chunk             |     3 |     3 |     5 ||    11
       Bread ration      |       |     1 |       ||     1
       Meat ration       |       |       |     1 ||     1
Armor: Robe              |     5 |     2 |    10 ||    17
Dodge: Dodged            |    19 |    15 |    28 ||    62

Table legend:
 A = Spawn XP
 B = Non-spawn XP
 C = Spawn XP percentage of total XP
 D = Spawn monster count
 E = Non-spawn monster count
 F = Spawn count percentage of total count
 G = Total turns spent on level
                    A         B        C        D         E        F      G
               +---------+---------+-------+---------+---------+-------+---------
         Total |       0 |    1766 |   0.0 |       0 |     118 |   0.0 |  7068
               +---------+---------+-------+---------+---------+-------+---------
           D:1 |       0 |      20 |   0.0 |       0 |      15 |   0.0 |   792
           D:2 |       0 |      69 |   0.0 |       0 |      24 |   0.0 |  1094
           D:3 |       0 |      48 |   0.0 |       0 |      22 |   0.0 |   591
           D:4 |       0 |     527 |   0.0 |       0 |      32 |   0.0 |  1795
           D:5 |       0 |     187 |   0.0 |       0 |      10 |   0.0 |  1039
           D:6 |       0 |     664 |   0.0 |       0 |      11 |   0.0 |  1414
           D:7 |       0 |     251 |   0.0 |       0 |       4 |   0.0 |   320
               +---------+---------+-------+---------+---------+-------+---------
